 Dungeon Crawl Stone Soup version 0.19.5 (webtiles) character file.

10830 juanjsm the Covert (level 11, 0/56 HPs)
             Began as a Spriggan Enchanter on Mar 28, 2017.
             Was a High Priest of Okawaru.
             Shot with an arrow by a centaur (15 damage)
             ... on level 11 of the Dungeon on Apr 17, 2017.
             The game lasted 01:03:13 (8909 turns).

juanjsm the Covert (Spriggan Enchanter)             Turns: 8909, Time: 01:03:14

Health: 0/56       AC:  8    Str:  4    XL:     11   Next: 41%
Magic:  20/25      EV: 26    Int: 20    God:    Okawaru [*****.]
Gold:   446        SH:  0    Dex: 17    Spells: 5 memorised, 17 levels left

rFire  . . .     SeeInvis +     W - +4 dagger (venom)
rCold  . . .     Gourm    .     T - +0 robe {MR+}
rNeg   . . .     Faith    .     (shield restricted)
rPois  .         Spirit   .     (helmet restricted)
rElec  .         Reflect  .     (no cloak)
rCorr  .         Harm     .     (gloves unavailable)
MR     +++..                    (boots unavailable)
Stlth  +++++.....               (no amulet)
                                A - ring of protection from magic
                                Q - +6 ring of protection

@: very quick
A: unfitting armour, see invisible, herbivore 3, speed 3, slow metabolism 2
a: Heroism, Finesse, Renounce Religion


You were on level 11 of the Dungeon.
You worshipped Okawaru.
Okawaru was extremely pleased with you.
You were not hungry.

You visited 2 branches of the dungeon, and saw 12 of its levels.

You collected 479 gold pieces.
You spent 33 gold pieces at shops.

Inventory:

Hand Weapons
 a - a +1 dagger
 h - a +2 flail of protection
 j - a +0 short sword of speed
 l - a +1 dagger of venom
 v - a +2 vampiric dagger
 y - a +2 short sword of speed
 K - a +0 falchion of pain
 O - a cursed +3 short sword of freezing
 P - a +1 short sword of electrocution
 W - a +4 dagger of venom (weapon)
Missiles
 g - 41 poisoned needles
 m - 6 curare-tipped needles
 L - a throwing net (quivered)
Armour
 b - a +1 robe
 T - a +0 robe of magic resistance (worn)
Jewellery
 u - a +2 ring of dexterity
 A - a ring of protection from magic (right hand)
 E - an uncursed ring of protection from cold
 Q - a +6 ring of protection (left hand)
 U - an uncursed ring of magical power {unknown}
Wands
 t - a wand of polymorph (9/24)
 B - a wand of confusion (17/48)
 I - a wand of flame (28/48)
 J - a wand of paralysis (14/24)
Scrolls
 f - 8 scrolls of teleportation
 i - 3 scrolls of identify
 n - 3 scrolls of enchant armour {unknown}
 q - 2 scrolls of recharging {unknown}
 r - a scroll of amnesia {unknown}
 s - 4 scrolls of remove curse
 z - 2 scrolls of blinking {unknown}
 D - 2 scrolls of magic mapping {unknown}
 G - a scroll of fear {unknown}
 N - a scroll of immolation {unknown}
 R - a scroll of noise {unknown}
 S - 2 scrolls of fog {unknown}
Potions
 e - 2 potions of might {unknown}
 k - a potion of invisibility
 o - 4 potions of haste
 x - 5 potions of curing
 C - 2 potions of heal wounds
 F - a potion of brilliance {unknown}
 H - 2 potions of agility {unknown}
 V - a potion of magic {unknown}
 X - 2 potions of cancellation {unknown}
Books
 c - a book of Maledictions

   Spells                             Type                      Level
   a - Corona                         Hexes                        1
   b - Ensorcelled Hibernation        Hexes/Ice                    2
   c - Confuse                        Hexes                        3
   d - Tukima's Dance                 Hexes                        3
   e - Dazzling Spray                 Conjuration/Hexes            3
 w - a book of Necromancy

   Spells                             Type                      Level
   a - Pain                           Necromancy                   1
   b - Animate Skeleton               Necromancy                   1
   c - Vampiric Draining              Necromancy                   3
   d - Regeneration                   Charms/Necromancy            3
   e - Animate Dead                   Necromancy                   4
   f - Control Undead                 Necromancy                   4
 M - a book of Changes

   Spells                             Type                      Level
   a - Beastly Appendage              Transmutation                1
   b - Sticks to Snakes               Transmutation                2
   c - Spider Form                    Transmutation/Poison         3
   d - Ice Form                       Ice/Transmutation            4
   e - Blade Hands                    Transmutation                5
Comestibles
 d - 9 bread rations
 p - 2 fruits


   Skills:
 + Level 5.9 Fighting
 + Level 8.1 Short Blades
 + Level 10.6 Dodging
 + Level 12.2 Stealth
 + Level 9.8 Spellcasting
 + Level 9.5 Hexes


You had 17 spell levels left.
You knew the following spells:

 Your Spells              Type           Power        Failure   Level  Hunger
a - Corona                Hex            #####..      1%          1    None
b - Ensorcelled Hibernat  Hex/Ice        ####..       1%          2    None
c - Confuse               Hex            #####...     1%          3    None
d - Dazzling Spray        Conj/Hex       ####..       3%          3    None
e - Regeneration          Chrm/Necr      #.........   24%         3    None


Dungeon Overview and Level Annotations

Branches:
Dungeon (11/15)            Temple (1/1) D:6            Lair (0/6) D:11
    Orc: D:9-12

Altars:
Ashenzari
Cheibriados
Dithmenos
Elyvilon
Fedhas
Gozag
Hepliaklqana
Kikubaaqudgha
Makhleb
Nemelex Xobeh
Okawaru
Qazlal
Ru
Sif Muna
Trog
Uskayaw
Vehumet
Xom
Yredelemnul
Zin
The Shining One
Lugonu

Shops:
D:7 (

Annotations:
D:4 exclusion: statue


Innate Abilities, Weirdness & Mutations

You are very small and have problems with some larger weapons.
You are too small for most types of armour.
You have supernaturally acute eyesight. (SInv)
You are a herbivore.
You cover ground extremely quickly.
You need consume almost no food.


Message History

The centaur misses you.
The centaur shoots an arrow.
The arrow misses you.
You see here an arrow.
The centaur wields an uncursed enchanted shortbow.
The centaur shoots an arrow.
The arrow misses you.
The centaur shoots an arrow.
The arrow completely misses you.
The orc wizard hits the orc warrior but does no damage.
The centaur shoots an arrow.
The arrow hits you.
* * * LOW HITPOINT WARNING * * *
You kill the orc wizard!
Okawaru accepts your kill.
The centaur shoots an arrow.
The arrow closely misses you.
The centaur shoots an arrow.
The arrow misses you.
The centaur shoots an arrow.
The arrow hits you.
* * * LOW HITPOINT WARNING * * *
You see here an arrow.
The centaur shoots an arrow.
The arrow misses you.
The centaur shoots an arrow.
The arrow closely misses you.
The centaur shoots an arrow.
The arrow hits you!
You die...

###....####................#
#..##..........(...........
#.# ##...#......(..........
#.##........<........c . #
#.......(.......... ..
#(.................
#.###.................
#....(..............c.
#..(.@.(.oc.o.........
#.##........c.....(.(.
#.###.(.......((... ##
##.()c...(....#
##cc.(.....### #..#$#(....##
# #######...## ###.# .##


You could see an orc warrior, 5 centaurs and an orc.

Vanquished Creatures
  A hydra (D:11)
  2 hill giants
  A gargoyle (D:10)
  A hornet (D:10)
  Grinder (D:5)
  2 trolls
  Prince Ribbit (D:5)
  A two-headed ogre (D:11)
  3 hippogriffs
  14 yaks
  A wyvern (D:10)
  A soldier ant (D:10)
  2 hell hounds (D:11)
  Edmund (D:5)
  5 orc warriors
  2 ice beasts
  A black bear (D:9)
  3 sky beasts
  6 ogres
  A necrophage (D:5)
  5 centaurs
  Blork the orc (D:6)
  7 bullfrogs
  4 scorpions
  5 howler monkeys
  4 wights (D:8)
  A bullfrog zombie (D:11)
  4 crimson imps
  7 hounds
  A jelly (D:9)
  2 quasits
  9 orc wizards
  2 bullfrog skeletons
  3 orc priests
  2 centaur skeletons
  4 iguanas
  4 worker ants
  A hound skeleton (D:5)
  A worker ant zombie (D:11)
  A howler monkey skeleton (D:11)
  10 gnolls
  11 adders
  A shadow imp (D:11)
  An ooze (D:5)
  An adder skeleton (D:6)
  An adder zombie (D:5)
  3 dart slugs
  5 leopard geckos
  29 orcs
  4 bats (D:1)
  11 giant cockroaches
  6 goblins
  7 hobgoblins
  5 jackals
  3 kobolds
  4 quokkas
  2 ball pythons
  8 frilled lizards
  A leopard gecko skeleton (D:6)
  A quokka skeleton (D:4)
  7 rats
239 creatures vanquished.

Vanquished Creatures (others)
  2 orcs (D:11)
2 creatures vanquished.

Grand Total: 241 creatures vanquished

Notes
Turn   | Place    | Note
-------+----------+-------------------------------------------
     0 | D:1      | juanjsm the Spriggan Enchanter began the quest for the Orb.
     0 | D:1      | Reached XP level 1. HP: 9/9 MP: 5/5
   234 | D:1      | Reached XP level 2. HP: 14/14 MP: 6/6
   238 | D:1      | Learned a level 2 spell: Ensorcelled Hibernation
   695 | D:2      | Reached XP level 3. HP: 17/17 MP: 2/8
   700 | D:2      | Learned a level 3 spell: Confuse
   836 | D:2      | Found an ancient bone altar of Kikubaaqudgha.
  1088 | D:2      | Found a hide-covered altar of Uskayaw.
  1104 | D:2      | Reached skill level 1 in Fighting
  1107 | D:2      | Reached skill level 5 in Stealth
  1107 | D:2      | Reached XP level 4. HP: 14/22 MP: 2/10
  1378 | D:2      | Learned a level 3 spell: Dazzling Spray
  1786 | D:3      | Reached XP level 5. HP: 13/25 MP: 1/11
  2205 | D:4      | Noticed an ogre
  2338 | D:4      | Killed an ogre
  2480 | D:4      | Found a radiant altar of Vehumet.
  2480 | D:4      | Noticed a charred statue
  2583 | D:4      | Reached skill level 6 in Stealth
  2583 | D:4      | Reached XP level 6. HP: 30/30 MP: 10/13
  3016 | D:5      | Entered Level 5 of the Dungeon
  3053 | D:5      | Noticed an ice beast
  3174 | D:5      | Killed an ice beast
  3174 | D:5      | Reached skill level 5 in Dodging
  3174 | D:5      | Reached skill level 5 in Hexes
  3183 | D:5      | Noticed Edmund
  3197 | D:5      | Found an opulent altar of Gozag.
  3215 | D:5      | Noticed Prince Ribbit
  3336 | D:5      | Noticed Grinder
  3349 | D:5      | Found an iron altar of Okawaru.
  3349 | D:5      | Noticed a sky beast
  3362 | D:5      | Killed Grinder
  3362 | D:5      | Reached skill level 5 in Spellcasting
  3362 | D:5      | Reached XP level 7. HP: 28/35 MP: 10/15
  3379 | D:5      | Killed Prince Ribbit
  3379 | D:5      | Reached skill level 7 in Stealth
  3665 | D:5      | Reached XP level 8. HP: 20/38 MP: 0/17
  4105 | D:5      | Killed Edmund
  4146 | D:6      | Reached skill level 8 in Stealth
  4319 | D:6      | Found a staircase to the Ecumenical Temple.
  4336 | Temple   | Entered the Ecumenical Temple
  4475 | D:5      | Became a worshipper of Warmaster Okawaru
  4502 | D:6      | Noticed Blork the orc
  4504 | D:6      | Killed Blork the orc
  4635 | D:6      | Reached skill level 5 in Short Blades
  4684 | D:6      | Found a bloodstained altar of Trog.
  4818 | D:7      | Reached XP level 9. HP: 44/44 MP: 12/19
  4856 | D:7      | Found a white marble altar of Elyvilon.
  4878 | D:7      | Reached * piety under Okawaru
  4878 | D:7      | Reached skill level 9 in Stealth
  4886 | D:7      | Found Temohes's Weapon Shoppe.
  4893 | D:7      | Bought a throwing net for 33 gold pieces
  4975 | D:7      | Found a sacrificial altar of Ru.
  5111 | D:7      | Found a basalt altar of Yredelemnul.
  5394 | D:7      | Found a glowing silver altar of Zin.
  5495 | D:7      | Learned a level 3 spell: Regeneration
  5921 | D:8      | Found a shattered altar of Ashenzari.
  5997 | D:8      | Noticed a hill giant
  6012 | D:8      | Killed a hill giant
  6012 | D:8      | Reached ** piety under Okawaru
  6012 | D:8      | Reached skill level 10 in Stealth
  6454 | D:9      | Reached XP level 10. HP: 49/50 MP: 13/22
  6509 | D:9      | Reached *** piety under Okawaru
  6930 | D:10     | Entered Level 10 of the Dungeon
  7006 | D:10     | Reached skill level 5 in Fighting
  7141 | D:10     | Reached **** piety under Okawaru
  7169 | D:10     | Reached skill level 11 in Stealth
  7386 | D:10     | Noticed a gargoyle
  7391 | D:10     | Killed a gargoyle
  7559 | D:10     | Reached ***** piety under Okawaru
  7562 | D:10     | Noticed a hill giant
  7626 | D:10     | Killed a hill giant
  7626 | D:10     | Reached skill level 10 in Dodging
  7806 | D:10     | Reached XP level 11. HP: 48/55 MP: 10/25
  8056 | D:11     | Found a staircase to the Lair.
  8068 | D:11     | Noticed a four-headed hydra
  8339 | D:11     | Reached skill level 12 in Stealth
  8639 | D:11     | Killed a four-headed hydra
  8909 | D:11     | Shot with an arrow by a centaur

Skill      XL: |  1  2  3  4  5  6  7  8  9 10 11 |
---------------+----------------------------------+-----
Spellcasting   | 3 4 5 6 7 9 |  9.8
Hexes          | 4 5 6 7 8 9 |  9.5
Fighting       | 1 2 3 4 5 |  5.9
Stealth        | 5 6 7 8 10 11 12 | 12.2
Dodging        | 4 5 6 7 8 10 | 10.6
Short Blades   | 2 3 5 6 7 8 |  8.1

Action                   |  1- 3 |  4- 6 |  7- 9 | 10-12 || total
-------------------------+-------+-------+-------+-------++-------
Melee: Dagger            |    59 |   104 |   237 |   307 ||   707
 Cast: Corona            |     2 |       |     1 |       ||     3
       Ensorcelled Hiber |    19 |    38 |    66 |    94 ||   217
       Confuse           |     1 |    11 |    19 |    21 ||    52
       Dazzling Spray    |       |       |     1 |     2 ||     3
  Use: Scroll            |       |       |     2 |     3 ||     5
       Potion            |       |       |       |     1 ||     1
 Stab: Sleeping          |    22 |    21 |    50 |    50 ||   143
       Confused          |       |     5 |     8 |    15 ||    28
       Distracted        |       |     1 |       |     5 ||     6
       Invisible         |       |       |       |     2 ||     2
  Eat: Royal jelly       |       |     1 |     1 |       ||     2
       Fruit             |       |     1 |       |     2 ||     3
       Pizza             |       |       |     1 |     1 ||     2
Armor: Robe              |     5 |     6 |    18 |    35 ||    64
Dodge: Dodged            |    37 |    87 |   152 |   224 ||   500
